Map: Galactic Process LE

Players

TRUE - Winner!

  • Race: Zerg Zerg

Snute

  • Race: Zerg Zerg

Event: 2016 WCS Summer Circuit Championship (DH Montreal)

VOD

Have the link to the VOD?

Description

Time

  • Played on: Aug. 12, 2016, 6:38 p.m.
  • Length: 8:27

All games in this series

Show
View Real Time Build Order
Export as new Build Order

TRUE Zerg - Winner!

Build Orders: Hatch First 

Get SALT Encoding   

  12  0:00  Drone  
  13  0:12  Overlord  
  13  0:17  Drone  
  14  0:31  Drone x2  
  14  0:34  Drone  
  17  0:52  Hatchery  
  17  0:55  Drone  
  17  1:09  Spawning Pool  
  16  1:11  Extractor  
  16  1:13  Drone  
  16  1:17  Drone  
  17  1:20  Drone  
  18  1:29  Drone  
  19  1:38  Overlord  
  19  1:57  Queen, Zergling x2  
  22  2:03  Queen  
  22  2:06  Drone x2  
  26  2:10  Drone  
  26  2:11  Metabolic Boost  
  27  2:18  Drone  
  27  2:21  Drone  
  29  2:27  Drone  
  30  2:32  Drone  
  31  2:46  Hatchery  
  31  2:49  Drone x2  
  32  2:54  Baneling Nest  
  32  2:57  Drone  
  32  3:00  Overlord  
  32  3:01  Drone  
  33  3:06  Drone x2  
  33  3:08  Drone  
  36  3:18  Queen  
  38  3:23  Drone x2  
  38  3:24  Zergling x2  
  38  3:26  Overlord  
  41  3:34  Drone x2  
  41  3:36  Drone  
  41  3:37  Baneling x2  
  44  3:45  Drone x6  
  44  3:46  Drone  
  51  3:50  Drone  
  51  3:59  Extractor, Drone x2  
  51  4:00  Drone, Roach Warren  
  52  4:06  Overlord  
  52  4:09  Zergling x2  
  53  4:14  Drone  
  54  4:18  Overlord  
  54  4:20  Drone x4  
  54  4:23  Extractor  
  54  4:24  Overlord  
  57  4:26  Drone x2, Lair  
  57  4:28  Drone  
  57  4:29  Extractor, Drone  
  60  4:33  Evolution Chamber  
  60  4:37  Drone  
  60  4:38  Drone x3  
  63  4:44  Roach x2  
  63  4:45  Roach  
  69  4:46  Overlord  
  69  4:50  Overlord  
  69  4:53  Overlord  
  69  4:57  Overlord  
  69  5:02  Zergling x12  
  69  5:06  Extractor x2, Zergling x6  
  76  5:07  Zergling x2  
  76  5:10  Zergling x2  
  78  5:15  Baneling  
  78  5:18  Zergling x2  
  78  5:19  Zergling x10  
  84  5:24  Spire  
  84  5:25  Zergling x2  
  84  5:26  Zergling x2  
  85  5:29  Zergling x2  
  86  5:36  Zergling x2  
  86  5:44  Zergling x2  
  86  5:48  Zergling x4  
  88  5:55  Zergling x10  
  88  5:56  Zergling x8  
  93  6:06  Zergling x6  
  93  6:07  Zergling x2  
  78  6:27  Overlord  
  77  6:37  Mutalisk x10  
  93  6:40  Mutalisk x2, Spine Crawler x2  
  93  6:42  Mutalisk  
  93  6:46  Mutalisk  
  97  6:50  Mutalisk  
  97  6:52  Mutalisk  
  103  6:56  Mutalisk  
  105  7:02  Zergling x6  
  105  7:03  Zergling x2  
  105  7:04  Zergling x2  
  105  7:08  Mutalisk  
  108  7:11  Mutalisk  
  108  7:14  Mutalisk  
  114  7:19  Mutalisk  
  111  7:26  Mutalisk  
  111  7:31  Zergling x12  
  111  7:35  Mutalisk  
  113  7:39  Mutalisk  
  115  7:44  Mutalisk  
  115  7:50  Mutalisk  
  119  7:55  Zergling x6  
  119  7:56  Overlord  
Show
View Real Time Build Order
Export as new Build Order

Snute Zerg 

Build Orders: Hatch First 

Get SALT Encoding   

  12  0:00  Drone  
  13  0:12  Overlord  
  13  0:17  Drone  
  14  0:30  Drone x2  
  14  0:34  Drone  
  17  0:52  Hatchery  
  17  0:54  Drone  
  17  1:08  Spawning Pool  
  16  1:11  Drone  
  16  1:14  Drone  
  16  1:16  Extractor  
  17  1:19  Drone  
  18  1:27  Drone  
  19  1:38  Overlord  
  19  1:54  Queen  
  19  1:55  Zergling x2  
  19  1:59  Drone  
  23  2:03  Queen  
  23  2:04  Drone  
  26  2:10  Drone  
  26  2:15  Metabolic Boost  
  27  2:19  Drone  
  27  2:21  Drone  
  29  2:25  Drone  
  30  2:32  Drone  
  31  2:43  Hatchery  
  30  2:47  Baneling Nest  
  30  2:48  Overlord  
  29  2:51  Drone  
  29  2:55  Drone  
  29  2:56  Drone  
  32  2:59  Drone  
  32  3:02  Drone  
  32  3:05  Drone  
  35  3:08  Zergling x4  
  35  3:11  Zergling x2  
  39  3:12  Drone  
  39  3:19  Queen  
  39  3:23  Overlord  
  39  3:25  Drone  
  42  3:27  Drone  
  42  3:29  Drone  
  44  3:42  Drone x5  
  44  3:43  Drone x2  
  44  3:44  Drone  
  52  3:49  Extractor  
  52  3:52  Overlord  
  50  3:58  Roach Warren  
  50  3:59  Drone x3  
  52  4:03  Drone  
  52  4:07  Drone x2  
  52  4:08  Overlord  
  55  4:10  Drone  
  55  4:11  Drone  
  55  4:12  Drone  
  58  4:17  Drone  
  58  4:21  Overlord  
  58  4:24  Drone x3  
  61  4:29  Lair  
  61  4:30  Extractor, Drone x2  
  61  4:31  Evolution Chamber  
  61  4:33  Drone  
  61  4:38  Drone x2  
  64  4:44  Drone x3  
  67  4:47  Drone x3  
  67  4:49  Drone  
  67  4:50  Extractor  
  67  4:52  Overlord  
  70  4:56  Drone  
  70  4:57  Drone x2  
  70  4:59  Zerg Missile Weapons Level 1, Drone  
  74  5:06  Extractor  
  75  5:08  Overlord x2  
  75  5:10  Overlord  
  75  5:12  Drone x2  
  74  5:15  Extractor, Drone  
  74  5:16  Drone x3  
  77  5:22  Overlord  
  77  5:27  Spire, Roach x2  
  80  5:29  Glial Reconstitution  
  80  5:34  Roach  
  80  5:35  Roach x4  
  90  5:42  Queen  
  89  5:43  Roach x2  
  89  5:48  Roach  
  89  5:49  Roach x4  
  96  5:54  Spire, Roach x2  
  96  5:56  Roach  
  93  6:04  Roach x2  
  93  6:08  Roach  
  85  6:12  Roach  
  85  6:17  Drone x4  
  80  6:23  Drone x3  
  80  6:24  Drone  
  80  6:25  Drone  
  77  6:31  Drone  
  74  6:33  Drone  
  74  6:37  Drone  
  74  6:41  Drone  
  74  6:43  Drone  
  76  6:47  Drone x4  
  76  6:54  Drone  
  81  6:55  Drone  
  81  6:58  Drone  
  83  7:08  Roach x2  
  87  7:11  Roach x2  
  91  7:20  Mutalisk  
  91  7:21  Mutalisk x2  
  97  7:28  Mutalisk  
  99  7:34  Mutalisk x2  
  94  7:38  Mutalisk  
  94  7:40  Mutalisk x2  
  93  7:44  Mutalisk  
  93  7:48  Mutalisk  
  92  7:53  Mutalisk  
Tags
 
Add a new tag
Caveats
  • Supply blocks, unpowered buildings, or Contaminate may cause inaccurate times.
  • Supply counts are checked every 10 seconds.